 Dungeon Crawl Stone Soup version 0.31.0-11-ge490571c62 (webtiles) character file.

Game seed: 9129789767331142284

175 qw the Shooter (level 5, 0/27 HPs)
             Began as a Spriggan Hunter on Feb 3, 2024.
             Succumbed to a scorpion's poison
             ... on level 4 of the Dungeon.
             The game lasted 00:00:08 (2378 turns).

qw the Shooter (Spriggan Hunter)                    Turns: 2378, Time: 00:00:09

Health: 0/27       AC:  2    Str:  7    XL:     5   Next: 29%
Magic:  6/6        EV: 20    Int: 11    God:
Gold:   147        SH:  0    Dex: 20    Spells: 4/4 levels left

rFire   . . .        a - +0 shortbow
rCold   . . .        (shield currently unavailable)
rNeg    . . .        c - +0 robe
rPois   .            (helmet restricted)
rElec   .            (no cloak)
rCorr   .            (gloves unavailable)
SInv    +            (boots unavailable)
Will    .....        (no amulet)
Stlth   ++           (no ring)
HPRegen 0.24/turn    (no ring)
MPRegen 0.10/turn

%: no passive effects
@: lethally poisoned (0 -> -8), very quick
A: very small, no large weapons, unfitting armour, see invisible, speed 3
a: no special abilities


You were on level 4 of the Dungeon.
You visited 1 branch of the dungeon, and saw 4 of its levels.

You collected 147 gold pieces.


Innate Abilities, Weirdness & Mutations

You are very small and have problems with some larger weapons.
You are too small for most types of armour.
You have supernaturally acute eyesight. (SInv)
You cover ground extremely quickly. (Speed+++)


   Skills:
 - Level 2.6 Fighting
 + Level 5.1 Ranged Weapons
 - Level 5.0 Dodging
 - Level 1.5 Stealth


You had 4 spell levels left.
You didn't know any spells.
Your spell library was empty.

Inventory:

Hand Weapons
 a - a +0 shortbow (weapon)
Armour
 c - a +0 robe (worn)
Scrolls
 i - a scroll of noise {unknown}
Potions
 b - a potion of brilliance {unknown}
 d - a potion of enlightenment
 e - a potion of ambrosia {unknown}
 f - a potion of curing
 g - a potion of lignification {unknown}
 h - a potion of might {unknown}

Dungeon Overview and Level Annotations

Branches:
Dungeon (4/15)
 Temple: D:4-7

Altars:
Elyvilon
Makhleb
Qazlal
Zin

Shops:
D:3 :


Message History

You shoot an arrow. The arrow closely misses the hobgoblin.
The hobgoblin barely misses you.
You shoot an arrow. The arrow closely misses the hobgoblin.
The hobgoblin barely misses you.
You shoot an arrow. The arrow hits the hobgoblin.
You kill the hobgoblin!
You see here a hobgoblin corpse.
A scorpion comes into view.
You shoot an arrow. The arrow hits the scorpion.
The scorpion is moderately wounded.
You shoot an arrow.
The arrow hits the scorpion but does no damage.
The scorpion is moderately wounded.
You shoot an arrow. The arrow barely misses the scorpion.
You shoot an arrow. The arrow barely misses the scorpion.
The scorpion stings you. The scorpion barely misses you.
You shoot an arrow. The arrow barely misses the scorpion.
The scorpion closely misses you.
You shoot an arrow. The arrow hits the scorpion.
The scorpion is moderately wounded.
The scorpion closely misses you.
You shoot an arrow. The arrow closely misses the scorpion.
The scorpion misses you. The scorpion stings you.
You shoot an arrow. The arrow barely misses the scorpion.
The scorpion stings you.
You shoot an arrow. The arrow closely misses the scorpion.
The scorpion misses you. The scorpion closely misses you.
You shoot an arrow. The arrow barely misses the scorpion.
The scorpion stings you.
You shoot an arrow. The arrow closely misses the scorpion.
The scorpion closely misses you.
You shoot an arrow. The arrow barely misses the scorpion.
The scorpion stings you!
You are lethally poisoned!
The scorpion poisons you! The scorpion stings you.
You shoot an arrow. The arrow closely misses the scorpion.
You feel very sick. The scorpion closely misses you.
You shoot an arrow. The arrow closely misses the scorpion.
You die...

........#.# #..+.....# #....
####....#.###.##.....###....
#..?.#..............#....
#....########.#####.#....
#....# #.....# #.#....
##...# #.#########.#.... #..
#.# #............
#..###.###......)##...
#....@s.....#######...
..............## #..#
...#####.#.##..### ##.## P
#.#.......# #..#.
#.##.....?###.##.
...#....#........
#..#....#>.....%#
..#######....... #.[.....


You could see a scorpion.

Vanquished Creatures
  A scorpion (D:4)
  An adder (D:2)
  3 gnolls (D:2)
  A dart slug (D:3)
  5 orcs (D:3)
  6 ball pythons
  15 endoplasms
  3 giant cockroaches
  4 goblins
  8 hobgoblins
  2 jackals (D:4)
  8 kobolds
  A quokka (D:3)
  2 bats
  A frilled lizard (D:2)
  9 rats
70 creatures vanquished.

Notes
Turn   | Place    | Note
-------+----------+-------------------------------------------
     0 | D:1      | qw the Spriggan Hunter began the quest for the Orb.
     0 | D:1      | Reached XP level 1. HP: 10/10 MP: 2/2
     0 | D:1      | 0 ||| qw: Version: 0.3-a-155-g5e7d8dd
     0 | D:1      | 0 ||| qw: Game counter: 3392
     0 | D:1      | 0 ||| qw: Melee chars always use a shield: true
     0 | D:1      | 0 ||| qw: God list: Okawaru
     0 | D:1      | 0 ||| qw: Allow faded altars: false
     0 | D:1      | 0 ||| qw: Do Orc after clearing Dungeon:15 true
     0 | D:1      | 0 ||| qw: Do second Lair branch before Depths: true
     0 | D:1      | 0 ||| qw: Lair rune preference: random
     0 | D:1      | 0 ||| qw: Goals: Normal
     0 | D:1      | 0 ||| PLANNING D:1-11
   102 | D:1      | Reached skill level 3 in Dodging
   201 | D:1      | Reached XP level 2. HP: 14/14 MP: 3/3
   307 | D:1      | Found a faded altar of an unknown god.
   610 | D:1      | 610 ||| READING scroll labelled YDAETS HAERUEM.
   610 | D:1      | 610 ||| IDENTIFYING black potion
   611 | D:1      | 611 ||| DROPPING scroll of butterflies.
   612 | D:1      | 612 ||| DROPPING potion of magic.
   693 | D:2      | 693 ||| RETREEEEATING.
   705 | D:2      | Reached XP level 3. HP: 13/18 MP: 4/4
   708 | D:2      | HP: 3/18 [frilled lizard (3)]
   732 | D:2      | 732 ||| FLEEEEING.
   733 | D:2      | 733 ||| FLEEEEING.
   734 | D:2      | 734 ||| FLEEEEING.
  1176 | D:2      | Reached XP level 4. HP: 22/22 MP: 5/5
  1390 | D:2      | 1390 ||| READING scroll labelled UNILEBEPN TI ILLU.
  1391 | D:2      | 1391 ||| READING scroll labelled ZAEKAZ COOWK.
  1392 | D:2      | 1392 ||| READING scroll labelled GAGIOS BACOE.
  1393 | D:2      | 1393 ||| READING scroll labelled KOSAZIERGHI.
  1494 | D:2      | 1494 ||| DRINKING 2 lumpy amethyst potions.
  1659 | D:3      | Found a glowing silver altar of Zin.
  1770 | D:3      | Found a white marble altar of Elyvilon.
  1797 | D:3      | Found a burning altar of Makhleb.
  1975 | D:3      | Found Amecix's Book Shoppe.
  2167 | D:3      | 2167 ||| DRINKING 2 clear potions.
  2224 | D:4      | Found a stormy altar of Qazlal.
  2225 | D:4      | Noticed a fire elemental
  2231 | D:4      | Noticed a water elemental
  2235 | D:4      | Noticed an air elemental
  2235 | D:4      | Noticed an earth elemental
  2317 | D:4      | Noticed a scorpion
  2322 | D:4      | Killed a scorpion
  2323 | D:4      | Reached XP level 5. HP: 25/27 MP: 6/6
  2376 | D:4      | HP: 6/27 [scorpion (2)]
  2377 | D:4      | HP: 2/27 [poisoned by a scorpion]
  2378 | D:4      | Succumbed to a scorpion's poison

Levels and vault maps discovered:
D:1:      lordsloth_arrival_two_stooges, layout_loops_ring,
          basic_ecumenical_altar
D:2:      layout_loops_ring, grunt_decor_resistance, nicolae_grassy_gnolls
D:3:      layout_basic, old_standard_altar, lemuel_tele_altar,
          mainiacjoe_overflow_six_doors_small, serial_shops,
          nicolae_shop_tiny_real_fake_doors, minmay_surrounded
D:4:      corexii_shantytown, layout_basic, nicolae_qazlal_style_of_elements,
          uniq_grinder

Skill      XL: |  1  2  3  4 |
---------------+-------------+-----
Dodging        | 3 4 5 |  5.0
Ranged Weapons | 5 |  5.1
Fighting       | 2 |  2.6
Stealth        | |  1.5

Action                     |  1- 3 |  4- 6 || total
---------------------------+-------+-------++-------
   Fire: Shortbow          |    84 |   107 ||   191
    Use: Scroll            |     1 |     4 ||     5
         Potion            |       |     2 ||     2
 Armour: Robe              |     8 |    16 ||    24
  Dodge: Dodged            |    22 |    49 ||    71

Table legend:
 A = Non-vault XP
 B = Vault XP
 C = Vault XP percentage of total XP
 D = Non-vault monster count
 E = Vault monster count
 F = Vault count percentage of total count
                 A         B        C        D         E       F
            +---------+---------+-------+---------+---------+-------
      Total |     199 |      51 |  20.4 |      62 |       8 |  11.4
            +---------+---------+-------+---------+---------+-------
        D:1 |      24 |       0 |   0.0 |      15 |       0 |   0.0
        D:2 |      41 |      42 |  50.6 |      18 |       3 |  14.3
        D:3 |      46 |       9 |  16.4 |      21 |       5 |  19.2
        D:4 |      88 |       0 |   0.0 |       8 |       0 |   0.0
            +---------+---------+-------+---------+---------+-------
